 Dungeon Crawl Stone Soup version 0.30.1-3-gfc49f6343a (webtiles) character file.

Game seed: 2037140453303297681

92 spardeous the Conjurer (level 4, 0/33 HPs)
             Began as a Demigod Conjurer on July 27, 2023.
             Slain by Natasha (8 damage)
             ... on level 2 of the Dungeon.
             The game lasted 00:03:45 (2371 turns).

spardeous the Conjurer (Demigod Conjurer)           Turns: 2371, Time: 00:03:46

Health: 0/33       AC:  3    Str:  8    XL:     4   Next: 13%
Magic:  6/11       EV: 12    Int: 24    God:
Gold:   117        SH:  0    Dex: 12    Spells: 8/9 levels left

rFire   . . .        (no weapon)
rCold   . . .        (no shield)
rNeg    . . .        a - +0 robe
rPois   .            s - +0 helmet
rElec   .            (no cloak)
rCorr   .            (no gloves)
SInv    .            (no boots)
Will    .....        (no amulet)
Stlth   ++           (no ring)
HPRegen 0.25/turn    (no ring)
MPRegen 0.12/turn

%: no passive effects
@: no status effects
A: high MP 1, forlorn, divine attributes
a: no special abilities


You were on level 2 of the Dungeon.
You visited 1 branch of the dungeon, and saw 3 of its levels.

You collected 117 gold pieces.

Inventory:

Armour
 a - a +0 robe (worn)
 p - the +2 ring mail of Sunlight {Rampage rCorr MP-9 Stlth-}
   (You found it on level 2 of the Dungeon)

   MP:        It affects your magic capacity (-9).
   rCorr:     It protects you from acid and corrosion.
   Rampage:   It bestows one free step when moving towards enemies.
   Stlth:     It makes you less stealthy.
 s - a +0 helmet (worn)
Jewellery
 l - an amulet of guardian spirit
Scrolls
 d - 6 scrolls of identify {unknown}
 e - 2 scrolls of teleportation {unknown}
 g - a scroll of blinking {unknown}
 i - a scroll of acquirement {unknown}
 j - a scroll of butterflies {unknown}
 n - a scroll of enchant weapon {unknown}
 q - a scroll of immolation {unknown}
 r - a scroll of fog {unknown}
 t - a scroll of amnesia {unknown}
Potions
 b - a potion of magic
 c - a potion of brilliance {unknown}
 f - a potion of degeneration {unknown}
 h - a potion of cancellation {unknown}
 k - a potion of heal wounds {unknown}
 m - a potion of berserk rage {unknown}
 o - a potion of ambrosia {unknown}


   Skills:
 - Level 1.7 Dodging
 - Level 1.7 Stealth
 + Level 3.0 Spellcasting
 - Level 4.6 Conjurations


You had 8 spell levels left.
You knew the following spells:

 Your Spells              Type           Power      Damage    Failure   Level
a - Magic Dart            Conj           100%       1d8       1%          1

Your spell library contained the following spells:

 Spells                   Type           Power      Damage    Failure   Level
 Searing Ray              Conj           50%        2d6       2%          2
 Dazzling Flash           Conj/Hex       28%        N/A       13%         3
 Ignite Poison            Fire/Tmut/Pois 3%         N/A       32%         3
 Fulminant Prism          Conj/Hex       7%         3d6       38%         4
 Iskenderun's Mystic Bla  Conj/Tloc      14%        2d5       38%         4
 Sticky Flame             Conj/Fire      14%        2d4       38%         4
 Leda's Liquefaction      Hex/Erth       1%         N/A       71%         4
 Lee's Rapid Deconstruct  Erth           1%         3d4*      96%         5
 Statue Form              Tmut/Erth      2%         N/A       100%        6
 Ignition                 Fire           1%         3d3       100%        8


Dungeon Overview and Level Annotations

Branches:
Dungeon (3/15)

Shops:
D:2 [

Annotations:
D:2 Natasha


Innate Abilities, Weirdness & Mutations

You have an increased reservoir of magic. (+10% MP)
You shall have no god before yourself.
Your divine heritage dramatically boosts your attributes as you level up.


Message History

* * * LOW HITPOINT WARNING * * *
You take 12 damage, and have 9/33 hp.
MASSIVE DAMAGE!!
You now have 10/11 mp.
Casting: Magic Dart (safe; 1% risk of failure)
Confirm with . or Enter, or press ? or * to list all spells.
Aiming: Magic Dart (safe; 1% risk of failure)
Press: ? - help, Shift-Dir - straight line, f/p - Natasha
Aim: Natasha (100% to hit)
The magic dart hits Natasha.
Natasha is moderately wounded.
You feel yourself speed up. The rat barely misses you.
Natasha closely misses you. The rat bites you.
* * * LOW HITPOINT WARNING * * *
You take 2 damage, and have 7/33 hp.
You now have 9/11 mp.
Casting: Magic Dart (safe; 1% risk of failure)
Confirm with . or Enter, or press ? or * to list all spells.
Aiming: Magic Dart (safe; 1% risk of failure)
Press: ? - help, Shift-Dir - straight line, f/p - Natasha
Aim: Natasha (moderately wounded, 100% to hit)
The magic dart hits Natasha.
Natasha is heavily wounded.
Natasha misses you. The rat bites you but does no damage.
You now have 8/11 mp.
Casting: Magic Dart (safe; 1% risk of failure)
Confirm with . or Enter, or press ? or * to list all spells.
Aiming: Magic Dart (safe; 1% risk of failure)
Press: ? - help, Shift-Dir - straight line, f/p - Natasha
Aim: Natasha (heavily wounded, 100% to hit)
The magic dart hits Natasha but does no damage.
Natasha is heavily wounded.
Natasha misses you. The rat closely misses you.
You now have 7/11 mp.
Casting: Magic Dart (safe; 1% risk of failure)
Confirm with . or Enter, or press ? or * to list all spells.
Aiming: Magic Dart (safe; 1% risk of failure)
Press: ? - help, Shift-Dir - straight line, f/p - Natasha
Aim: Natasha (heavily wounded, 100% to hit)
The magic dart hits Natasha.
Natasha is almost dead.
Natasha claws you!
You die...

†....∩### #.##.#.###)......##.##.
##.##.#.# #.##.#)..........##.##.
##.##.#.# #.##.#..#........##.##.
.....<..# #....).........####.##.
#######.######.##...####.####.##.
.........)).......#.........#....
#######.#########.#....#.##.####.
#............#.h...............
##..#.#.####.#@r.....#.##.#####
####..#........#.......#.##.# ##
........#.####.#.......#.##.# #.
####..#.#.# #.#.......#.##.# #.
#......# #..............####.
######## #.#.###..##.#.......
#.#......##.#.#####.
#.#########.#.######
#...).......#.......


You could see Natasha and a rat.

Vanquished Creatures
  Robin (D:2)
  An adder (D:2)
  A worm (D:2)
  2 dart slugs (D:1)
  An orc (D:3)
  2 bats (D:2)
  8 endoplasms
  2 giant cockroaches (D:1)
  14 goblins
  4 hobgoblins
  3 kobolds
  3 quokkas
  6 ball pythons
  5 frilled lizards
  4 rats
57 creatures vanquished.

Notes
Turn   | Place    | Note
-------+----------+-------------------------------------------
     0 | D:1      | spardeous the Demigod Conjurer began the quest for the Orb.
     0 | D:1      | Reached XP level 1. HP: 14/14 MP: 5/5
   179 | D:1      | Reached skill level 4 in Conjurations
   287 | D:1      | Reached XP level 2. HP: 20/20 MP: 5/7
   793 | D:1      | Reached XP level 3. HP: 26/26 MP: 5/8
  1057 | D:2      | Found Itufepofu's Antique Armour Shop.
  1304 | D:2      | Identified the +2 ring mail of Sunlight {Rampage rCorr MP-9
                  | Stlth-}
  1751 | D:2      | Noticed Robin
  1871 | D:2      | Killed Robin
  1872 | D:2      | Reached XP level 4. HP: 33/33 MP: 4/11
  2346 | D:3      | Noticed Natasha
  2371 | D:2      | Slain by Natasha

Illustrated notes

Levels and vault maps discovered:
D:1:      sevenhm_arrival_forest_fort_small_3, layout_rooms,
          nrook_loot_triangle, dreamdust_princess_bridge, corner_web_ring
D:2:      layout_basic, serial_shops, shop, uniq_robin
D:3:      layout_rooms, grunt_temple_overflow_forces_of_nature,
          mainiacjoe_overflow_six_doors_small, uniq_crazy_yiuf_cottage,
          uniq_terence, uniq_natasha

Skill      XL: |  1  2  3  4 |
---------------+-------------+-----
Conjurations   | 4 |  4.6
Spellcasting   | 2 3 |  3.0
Dodging        | |  1.7
Stealth        | |  1.7

Action                     |  1- 3 |  4- 6 || total
---------------------------+-------+-------++-------
  Melee: Unarmed           |     3 |       ||     3
   Cast: Magic Dart        |   102 |    17 ||   119
 Armour: Robe              |    14 |     2 ||    16
  Dodge: Dodged            |    43 |    14 ||    57
